 Dungeon Crawl Stone Soup version 0.32-a0-986-ga09f62fbf4 (webtiles) character file.

Game seed: 654800843600585210

1165 Ekko the Blocker (level 8, -3/105 HPs)
             Began as a Minotaur Berserker on Apr 21, 2024.
             Was a Priest of Trog.
             Succumbed to a kobold brigand's poison
             ... on level 6 of the Dungeon.
             The game lasted 00:33:04 (5588 turns).

Ekko the Blocker (Minotaur Berserker)               Turns: 5588, Time: 00:33:04

Health: -3/105     AC: 13    Str: 22    XL:     8   Next: 17%
Magic:  2/2        EV: 13    Int:  3    God:    Trog [***...]
Gold:   265        SH: 17    Dex: 15    Spells: 7/7 levels left

rFire   . . .        o - +1 hand axe (antimagic)
rCold   . . .        e - +1 tower shield
rNeg    . . .        m - +4 ring mail of Lapronn {Harm}
rPois   .            (helmet restricted)
rElec   .            d - +0 cloak
rCorr   .            n - +0 pair of gloves
SInv    .            (no boots)
Will    .....        (no amulet) Stlth
                     g - +5 ring of evasion
HPRegen 0.37/turn    (no ring)
MPRegen 0.08/turn

%: harm (+30% outgoing, +20% incoming)
@: berserking, lethally poisoned (-3 -> -24), very quick
A: horns 2, retaliatory headbutt, iridescent scales 1, agile 1, mutation
resistance 1, sense surroundings 1
a: Renounce Religion, Berserk, Trog's Hand


You were on level 6 of the Dungeon.
You worshipped Trog.
Trog was most pleased with you.
You visited 1 branch of the dungeon, and saw 6 of its levels.

You collected 265 gold pieces.

Inventory:

Hand Weapons
 h - a +1 dagger of holy wrath
 o - a +1 antimagic hand axe (weapon)
Missiles
 r - 2 boomerangs (quivered)
Armour
 d - a +0 cloak (worn)
 e - a +1 tower shield (worn)
 m - the +4 ring mail of Lapronn (worn) {Harm}
   (You found it on level 5 of the Dungeon)

   Harm:      It increases damage dealt and taken.
 n - a +0 pair of gloves (worn)
Jewellery
 g - a +5 ring of evasion (left hand)
Scrolls
 f - a scroll of fog
 i - 3 scrolls of identify
 q - a scroll of enchant armour
Potions
 b - 2 potions of heal wounds
 k - a potion of lignification
 l - a potion of curing


   Skills:
 + Level 5.7 Fighting
 - Level 0.1 Short Blades
 - Level 0.1(0.2) Long Blades
 - Level 6.0 Axes
 - Level 0.2(3.6) Polearms
 - Level 0.2(0.3) Staves
 + Level 1.0 Throwing
 - Level 2.4 Armour
 - Level 2.1 Dodging
 - Level 9.3 Shields
 + Level 0.1 Unarmed Combat
 + Level 0.1 Shapeshifting


You had 7 spell levels left.
You didn't know any spells.
Your spell library was empty.

Dungeon Overview and Level Annotations

Branches:
Dungeon (6/15)             Temple (0/1) D:5

Altars:
Cheibriados
Okawaru
Ru

Shops:
D:3 !


Innate Abilities, Weirdness & Mutations

You have a pair of horns on your head.
You reflexively headbutt those who attack you in melee.
You are partially covered in iridescent scales. (AC +2)
You are agile. (Dex +4, Str/Int -1)
You are somewhat resistant to further mutation.
You passively map a small area around you.


Message History

The kobold is moderately wounded.
You barely miss the kobold. You barely miss something.
You hit the kobold but do no damage. You hit the kobold brigand.
* * * LOW HITPOINT WARNING * * *
You feel very sick. You block the kobold brigand's attack.
The kobold closely misses you. You furiously retaliate!
You headbutt the kobold!
You kill the kobold!
Trog accepts your kill. The kobold hits you but does no damage.
Something hits you but does no damage. You block the kobold's attack.
* * * LOW HITPOINT WARNING * * *
You feel very sick.
The kobold brigand hits you with a +1 short sword of venom.
* * * LOW HITPOINT WARNING * * *
You are more poisoned.
Things that are here:
a +0 short sword; 5 stones; a kobold corpse You barely miss the kobold brigand.
You headbutt the kobold brigand!
You feel the power of Trog in you as your rage grows.
You kill the kobold brigand!
Trog accepts your kill.
You slash the kobold!
You kill the kobold!
Trog accepts your kill.
* * * LOW HITPOINT WARNING * * *
You feel extremely sick.
The kobold throws a poisoned dart.
You block the poisoned dart.
Your Throwing skill increases to level 1!
You closely miss something.
* * * LOW HITPOINT WARNING * * *
You feel very sick. Something hits you.
* * * LOW HITPOINT WARNING * * *
You miss something. You headbutt something! Trog accepts your kill.
Trog appreciates your killing of a magic user.
Reactivating autopickup.
You feel a bit more experienced.
You closely miss the kobold.
You die...

#.....##...##....(... #(# , ,
###.....##.............* #..#
.............#........# #....
* *
.##.....##...##.########.....
###..###...##.# ##.......
,##.###.####.#####...###
......###..##..).....### ...
.#......#)K.)........,
#.#...####.<..@)K5........ ,
#.#., #....###...###### * ,,*
#.#### ##..# , #.# ##.#* #.#
...,, * , #.# * * .### , , ,,
,,,... ,,, .. , , , #>.* * .#
,* * #.. *


You could see a shadow imp and 2 kobolds.

Vanquished Creatures
  A black bear (D:5)
  A sky beast (D:5)
  2 centaurs (D:5)
  A phantom (D:5)
  A kobold brigand (D:6)
  A scorpion (D:5)
  3 bombardier beetles
  A hound (D:5)
  3 jellies (D:5)
  4 orc priests
  An iguana (D:4)
  3 orc wizards
  Robin (D:2)
  7 adders
  2 ufetubi (D:6)
  2 dart slugs (D:2)
  A ribbon worm (D:2)
  17 orcs
  11 endoplasms
  8 giant cockroaches
  16 goblins
  12 hobgoblins
  3 quokkas
  4 ball pythons
  5 bats
  2 frilled lizards
  10 kobolds
  6 rats
129 creatures vanquished.

Notes
Turn   | Place    | Note
-------+----------+-------------------------------------------
     0 | D:1      | Ekko the Minotaur Berserker began the quest for the Orb.
     0 | D:1      | Reached XP level 1. HP: 19/19 MP: 0/0
   137 | D:1      | Reached XP level 2. HP: 26/26 MP: 1/1
   370 | D:1      | Reached skill level 5 in Axes
   435 | D:1      | Reached ** piety under Trog
   475 | D:1      | Reached XP level 3. HP: 31/31 MP: 2/2
   663 | D:2      | Noticed Robin
   663 | D:2      | Found a faded altar of an unknown god.
   733 | D:2      | Killed Robin
   955 | D:2      | Reached XP level 4. HP: 39/39 MP: 3/3
  1417 | D:2      | Reached skill level 1 in Shields
  1800 | D:3      | Reached skill level 2 in Shields
  1805 | D:3      | Reached XP level 5. HP: 36/45 MP: 4/4
  1808 | D:3      | Reached skill level 3 in Shields
  1927 | D:3      | HP: 2/67 [burnt (3)]
  2315 | D:3      | Reached skill level 4 in Shields
  2428 | D:3      | Found Esoawenn's Distillery.
  2456 | D:3      | Reached XP level 6. HP: 51/51 MP: 5/5
  2604 | D:3      | Reached skill level 5 in Shields
  3235 | D:4      | Reached *** piety under Trog
  3637 | D:4      | Reached skill level 6 in Shields
  4384 | D:5      | Entered Level 5 of the Dungeon
  4398 | D:5      | Reached skill level 7 in Shields
  4398 | D:5      | Reached XP level 7. HP: 57/57 MP: 2/6
  4547 | D:5      | Reached skill level 8 in Shields
  4587 | D:5      | Found a sacrificial altar of Ru.
  4623 | D:5      | Found a staircase to the Ecumenical Temple.
  4730 | D:5      | Found a snail-covered altar of Cheibriados.
  4733 | D:5      | Found an iron altar of Okawaru.
  4755 | D:5      | Identified the +4 ring mail of Lapronn {Harm}
  4797 | D:5      | Reached skill level 9 in Shields
  4911 | D:5      | Reached XP level 8. HP: 53/67 MP: 2/7
  4997 | D:5      | Reached skill level 5 in Fighting
  5133 | D:5      | Gained mutation: You passively map a small area around you.
                  | [potion of mutation]
  5133 | D:5      | Gained mutation: You are partially covered in iridescent
                  | scales. (AC +2) [potion of mutation]
  5133 | D:5      | Gained mutation: You are agile. (Dex +4, Str/Int -1)
                  | [potion of mutation]
  5133 | D:5      | Gained mutation: You are somewhat resistant to further
                  | mutation. [potion of mutation]
  5587 | D:6      | Reached skill level 1 in Throwing
  5587 | D:6      | HP: 4/105 [poisoned by a kobold brigand]
  5587 | D:6      | HP: 1/105 [something (3)]
  5588 | D:6      | Succumbed to a kobold brigand's poison

Illustrated notes

Levels and vault maps discovered:
D:1:      dpeg_arrival_concentric_ovals, layout_basic
D:2:      layout_loops_cross, shapermc_ecumenical_altar_rom_forum,
          minmay_between, uniq_robin
D:3:      layout_rooms, serial_shops, nicolae_shop_industrial_runoff,
          minmay_unequal
D:4:      layout_loops_corners
D:5:      layout_gridville, nicolae_ru_awakened_eye, minitemple,
          minmay_temple_entry_trees
D:6:      minmay_flawed_box, layout_rooms, mainiacjoe_overflow_tiny_flanked,
          gup_sewer_entry_pipe

Skill      XL: |  1  2  3  4  5  6  7  8 |
---------------+-------------------------+-----
Axes           | 4 5 6 |  6.0
Shields        | 2 4 7 9 |  9.3
Fighting       | 4 5 |  5.7
Throwing       | 1 |  1.0
Short Blades   | |  0.1
Long Blades    | |  0.1
Polearms       | |  0.2
Staves         | |  0.2
Armour         | |  2.4
Dodging        | |  2.1
Unarmed Combat | |  0.1
Shapeshifting  | |  0.1

Action                     |  1- 3 |  4- 6 |  7- 9 || total
---------------------------+-------+-------+-------++-------
  Melee: Hand axe          |    81 |   160 |   100 ||   341
         Headbutt          |     3 |    24 |    16 ||    43
  Throw: Boomerang         |       |       |     3 ||     3
 Invoke: Berserk           |     2 |     5 |     1 ||     8
    Use: Scroll            |     2 |     6 |       ||     8
         Potion            |     1 |     4 |     4 ||     9
 Armour: Ring mail         |    60 |    45 |    74 ||   179
         Chain mail        |       |    20 |    26 ||    46
  Dodge: Dodged            |    41 |    52 |    59 ||   152
  Block: Tower shield      |       |    73 |    82 ||   155

Table legend: (Time is in decaauts)
 A = Elapsed time spent in this place.
 B = Non-inter-level travel time spent in this place.
 C = Inter-level travel time spent in this place.
 D = Time resting spent in this place.
 E = Time spent auto-exploring this place.
 F = Levels seen in this place.
 G = Mean time per level.
                   A        B        C        D        E       F      G
               +--------+--------+--------+--------+--------+-----+--------+
         Total |   5720 |   5574 |    146 |   1973 |   2362 |   6 |  953.3 |
       Dungeon |   5720 |   5574 |    146 |   1973 |   2362 |   6 |  953.3 |
               +--------+--------+--------+--------+--------+-----+--------+

Top non-repeatable levels by time:
     D:4: 1675 daAuts
     D:5: 1142 daAuts
     D:3: 997 daAuts
     D:1: 915 daAuts
     D:2: 898 daAuts
     D:6: 90 daAuts
